 Dungeon Crawl Stone Soup version 0.27-a0-1189-gb8eb6cee8e (webtiles) character file.

Game seed: 14379095193849347187

110 armax the Shield-Bearer (level 4, 0/41 HPs)
             Began as a Minotaur Fighter on May 22, 2021.
             Slain by Edmund
             ... wielding a +1 vorpal dire flail
              (8 damage)
             ... on level 4 of the Dungeon.
             The game lasted 00:01:12 (1046 turns).

armax the Shield-Bearer (Minotaur Fighter)          Turns: 1046, Time: 00:01:12

Health: 0/41       AC:  7    Str: 22    XL:     4   Next: 61%
Magic:  3/3        EV:  7    Int:  5    God:
Gold:   20         SH:  9    Dex:  9    Spells: 3/3 levels left

rFire    . . .     SeeInvis .   a - +0 war axe
rCold    . . .     Faith    .   c - +0 kite shield
rNeg     . . .     Spirit   .   b - +0 scale mail
rPois    .         Reflect  .   (helmet restricted)
rElec    .         Harm     .   (no cloak)
rCorr    .         Rampage  .   (no gloves)
Will     .....                  (no boots)
Stlth    ..........             (no amulet)
HPRegen  0.13/turn              (no ring)
MPRegen  0.08/turn              (no ring)

@: no status effects
A: horns 2, retaliatory headbutt
a: no special abilities


You were on level 4 of the Dungeon.
You visited 1 branch of the dungeon, and saw 4 of its levels.

You collected 20 gold pieces.

Inventory:

Hand Weapons
 a - a +0 war axe (weapon)
Armour
 b - a +0 scale mail (worn)
 c - a +0 kite shield (worn)
Scrolls
 e - 2 scrolls of identify {unknown}
 g - a scroll of noise {unknown}
 h - 2 scrolls of magic mapping {unknown}
Potions
 d - a potion of might
 f - a potion of brilliance {unknown}
 i - 2 potions of magic {unknown}
 j - a potion of heal wounds {unknown}


   Skills:
 + Level 4.3 Fighting
 * Level 4.2 Axes
 + Level 4.3 Armour
 + Level 4.3 Shields


You had 3 spell levels left.
You didn't know any spells.
Your spell library was empty.

Dungeon Overview and Level Annotations

Branches:
Dungeon (4/15)
 Temple: D:4-7

Altars:

Annotations:
D:4 Edmund


Innate Abilities, Weirdness & Mutations

You have a pair of horns on your head.
You reflexively headbutt those who attack you in melee.


Message History

You are too injured to fight recklessly!
You are too injured to fight recklessly!
You take 31 damage, and have 9/40 hp.
MASSIVE DAMAGE!!
Unknown command.
You closely miss Edmund. You hit the centaur skeleton.
You block Edmund's attack.
The centaur skeleton hits you but does no damage.
The centaur skeleton kicks you but does no damage.
Edmund barely misses you.
The centaur skeleton hits you but does no damage.
The centaur skeleton kicks you.
* * * LOW HITPOINT WARNING * * *
You take 2 damage, and have 7/40 hp.
You hit Edmund. You slash the centaur skeleton!
You block the centaur skeleton's attack. x2
Edmund barely misses you. You furiously retaliate!
You headbutt Edmund, but do no damage. You hit Edmund. You headbutt Edmund!
You hit the centaur skeleton.
You hear the slow hiss of a very distant avalanche of sand.
You block the centaur skeleton's attack.
The centaur skeleton completely misses you.
Edmund zaps a wand.
You block the puff of flame.
The centaur skeleton hits you but does no damage.
You block the centaur skeleton's attack.
Edmund zaps a wand.
You block the puff of flame. The centaur skeleton barely misses you.
The centaur skeleton kicks you but does no damage.
Unknown command.
You barely miss Edmund. You slash the centaur skeleton!
You destroy the centaur skeleton!
Edmund zaps a wand.
The puff of flame hits you but does no damage.
Your Axes skill increases to level 4!
You slash Edmund!
Edmund grinds his teeth, and then sighs.
You block Edmund's attack. x2
You barely miss Edmund.
Edmund hits you with a +1 vorpal dire flail!
You die...

...... ....
#####..#.##.#.#
##.............
#............#
#......$.....#
#............#.##
#................
#........@@.#
#...........#
##+#............
#.####.####.# #.#
#.# ..
#.####.######.
#...).......#
######.####.# #.#


You could see Edmund.

Vanquished Creatures
  2 centaur skeletons (D:4)
  2 adders
  A worm (D:2)
  2 endoplasms (D:2)
  3 giant cockroaches
  4 goblins
  2 hobgoblins (D:3)
  4 jackals (D:2)
  6 kobolds
  2 ball pythons (D:2)
  2 rats (D:3)
30 creatures vanquished.

Vanquished Creatures (others)
  A plant (D:4)
1 creature vanquished.

Grand Total: 31 creatures vanquished

Notes
Turn   | Place    | Note
-------+----------+-------------------------------------------
     0 | D:1      | armax the Minotaur Fighter began the quest for the Orb.
     0 | D:1      | Reached XP level 1. HP: 19/19 MP: 0/0
   213 | D:2      | Reached XP level 2. HP: 23/27 MP: 1/1
   733 | D:3      | Reached XP level 3. HP: 33/33 MP: 2/2
  1025 | D:4      | Reached XP level 4. HP: 39/40 MP: 3/3
  1034 | D:4      | Noticed Edmund
  1046 | D:4      | Slain by Edmund

Illustrated notes

Levels and vault maps discovered:
D:1:      erik_arrival_triangle_medium, layout_loops_corners,
          chequers_ecumenical_altar_island, grunt_decor_resistance
D:2:      layout_loops_ring, uniq_natasha
D:3:      layout_loops_ring, gammafunk_temple_overflow_statue, fedhas_altar_2,
          serial_shops, nicolae_shop_behind_doors, uniq_ijyb, uniq_sigmund,
          uniq_robin
D:4:      gammafunk_wand_slinger, layout_basic,
          pdpol_wu_jian_five_deadly_venoms, enter_ossuary_2,
          serial_bayou_lake_a, uniq_edmund

Skill      XL: |  1  2  3  4 |
---------------+-------------+-----
Axes           | 3 4 |  4.2
Armour         | 4 |  4.3
Shields        | 4 |  4.3
Fighting       | 4 |  4.3

Action                   |  1- 3 |  4- 6 || total
-------------------------+-------+-------++-------
Melee: War axe           |    81 |     9 ||    90
       Headbutt          |    13 |     2 ||    15
Armor: Scale mail        |    56 |    13 ||    69
Dodge: Dodged            |    30 |     7 ||    37
Block: Kite shield       |    52 |    13 ||    65

Table legend: (Time is in decaauts)
 A = Elapsed time spent in this place.
 B = Non-inter-level travel time spent in this place.
 C = Inter-level travel time spent in this place.
 D = Time resting spent in this place.
 E = Time spent auto-exploring this place.
 F = Levels seen in this place.
 G = Mean time per level.
                   A        B        C        D        E       F      G
               +--------+--------+--------+--------+--------+-----+--------+
         Total |   1096 |   1069 |     27 |      0 |    850 |   4 |  274.0 |
       Dungeon |   1096 |   1069 |     27 |      0 |    850 |   4 |  274.0 |
               +--------+--------+--------+--------+--------+-----+--------+

Top non-repeatable levels by time:
     D:2: 575 daAuts
     D:3: 402 daAuts
     D:1: 65 daAuts
     D:4: 53 daAuts
